Workbook

Sheet Letter Box
A1: Film_title | B1: Director | C1: Average_rating | D1: Genres | E1: Runtime | F1: Original_language | G1: Description | H1: Studios | I1: Watches | J1: List_appearances | K1: Likes | L1: Fans | M1: Lowest | N1: Medium | O1: Highest | P1: Total_ratings | Q1: Primary_genre
A2: Tiger Girl | B2: Jakob Lass | C2: 3.07 | D2: Action | E2: 90 | F2: German | G2: Having failed to get into the police force, Margarete takes up training as a security guard. One night she runs into a sexually agressive ex-colleague who insists on hailing a taxi to take her home to his place. Enter Tiger: short brown hair, a tough girl and a fighter, the cab driver. Realising that the situation is far from consensual, Tiger speeds off with Margarete, leaving her companion standing in the street. It wonâ€™t be the last time she rushes to Margareteâ€™s aid. Tiger lives in an attic flat with two men. She knows how to wield a baseball bat. Stealing a uniform from security and renaming Margarete â€˜Vanillaâ€™, she begins to steer her life in a completely different direction. | H2: Constantin Film, ARD | I2: 2155 | J2: 1054 | K2: 276 | L2: 0 | M2: 63 | N2: 377 | O2: 42 | P2: 1511 | Q2: Action
A3: Enter the Dragon | B3: Robert Clouse | C3: 3.82 | D3: Action | E3: 102 | F3: English | G3: A martial artist agrees to spy on a reclusive crime lord using his invitation to a tournament there as cover. | H3: Concord Productions, Warner Bros. Pictures, Orange Sky Golden Harvest, Sequoia Pictures | I3: 177437 | J3: 49115 | K3: 45978 | L3: 779 | M3: 356 | N3: 16819 | O3: 12067 | P3: 107667 | Q3: Action
A4: Omega Syndrome | B4: Joseph Manduke | C4: 2.86 | D4: Action | E4: 90 | F4: English | G4: An ex-GI's daughter is abducted by a gang of white supremacists. He calls on one of his former Army buddies, and together they set out to track down the gang and rescue his daughter. | H4: New World Pictures, Smart Egg Pictures, Prey Presentations | I4: 535 | J4: 570 | K4: 67 | L4: 0 | M4: 29 | N4: 92 | O4: 2 | P4: 419 | Q4: Action
A5: Bastille Day | B5: James Watkins | C5: 2.73 | D5: Action | E5: 92 | F5: English | G5: Michael Mason is an American pickpocket living in Paris who finds himself hunted by the CIA when he steals a bag that contains more than just a wallet. Sean Briar, the field agent on the case, soon realises that Michael is just a pawn in a much bigger game and is also his best asset to uncover a large-scale conspiracy. | H5: StudioCanal, VendÃ´me Pictures, Anonymous Content, Anton Capital Entertainment, Canal+, TF1 Films Production | I5: 33483 | J5: 3758 | K5: 3401 | L5: 5 | M5: 680 | N5: 7573 | O5: 403 | P5: 23654 | Q5: Action
A6: Outlaw Riders | B6: Tony Huston | C6: 3.27 | D6: Action | E6: 86 | F6: English | G6: An outlaw motorcycle gang is headed by two couples (Bambi Allan, Jennifer Bishop, Bill Bonner and Bryan West). The gang is badly hurt by a botched robbery and the four stars, the only survivors, eventually head to Mexico, where they have to combat a gang run by a sadistic Mexican (Rafael Campos). | H6: Unknown | I6: 41 | J6: 354 | K6: 2 | L6: 0 | M6: 4 | N6: 5 | O6: 1 | P6: 21 | Q6: Action
A7: Streets of Fire | B7: Walter Hill | C7: 3.54 | D7: Action | E7: 93 | F7: English | G7: Raven Shaddock and his gang of merciless biker friends kidnap rock singer Ellen Aim. Ellen's former lover, soldier-for-hire Tom Cody, happens to be passing through town on a visit. In an attempt to save his star act, Ellen's manager hires Tom to rescue her. Along with a former soldier, they battle through dangerous cityscapes, determined to get Ellen back. | H7: Universal Pictures, RKO Pictures LLC, Silver Pictures | I7: 46377 | J7: 19683 | K7: 14384 | L7: 426 | M7: 290 | N7: 6643 | O7: 3108 | P7: 33301 | Q7: Action
A8: 9 Deaths of the Ninja | B8: Emmett Alston | C8: 2.81 | D8: Action | E8: 94 | F8: English | G8: A trio of specialized soldiers is called in to stop a group of drug traffickers who have hijacked a busload of tourists in the Philippines and threaten to kill them all if one of their companions is not released from jail and the government does not stop its anti-drug policies. | H8: Crown International Pictures | I8: 1442 | J8: 1682 | K8: 233 | L8: 1 | M8: 77 | N8: 218 | O8: 31 | P8: 951 | Q8: Action
A9: Super Fly T.N.T. | B9: Ron O'Neal | C9: 3.27 | D9: Action | E9: 87 | F9: English | G9: A Harlem drug dealer and his girlfriend retire to Rome, where he joins an African revolution. | H9: Superfly Ltd., Paramount Pictures | I9: 334 | J9: 861 | K9: 41 | L9: 2 | M9: 23 | N9: 29 | O9: 5 | P9: 193 | Q9: Action
A10: Ballistic | B10: Kim Bass | C10: 3.27 | D10: Action | E10: 97 | F10: English | G10: Jesse Gavin is an undercover cop, part of an elite police team and highly skilled in lethal martial arts! She is suspended from the force after a witness that she was supposed to protect is killed. She must now find out what happened and clear up her name. | H10: Imperial Entertainment | I10: 120 | J10: 353 | K10: 11 | L10: 1 | M10: 2 | N10: 18 | O10: 2 | P10: 81 | Q10: Action
A11: The Wild Geese | B11: Andrew V. McLaglen | C11: 3.27 | D11: Action | E11: 134 | F11: English | G11: A British multinational company seeks to overthrow a vicious dictator in central Africa. It hires a band of (largely aged) mercenaries in London and sends them in to save the virtuous but imprisoned opposition leader who is also critically ill and due for execution. Just when the team has performed a perfect rescue, the multinational does a deal with the vicious dictator leaving the mercenary band to escape under their own steam and exact revenge. | H11: Richmond Productions | I11: 6600 | J11: 2381 | K11: 1121 | L11: 14 | M11: 65 | N11: 1320 | O11: 175 | P11: 4267 | Q11: Action
A12: Ninja Terminator | B12: Godfrey Ho | C12: 2.79 | D12: Action | E12: 92 | F12: English | G12: Three martial-arts students search for the Golden Ninja Warrior, a statue reputed to have magic powers. | H12: IFD Films & Arts Company | I12: 3894 | J12: 2689 | K12: 1003 | L12: 11 | M12: 287 | N12: 494 | O12: 188 | P12: 2734 | Q12: Action
A13: The Exterminator | B13: James Glickenhaus | C13: 3.02 | D13: Action | E13: 98 | F13: English | G13: When a man's best friend is killed on the streets of New York, he transforms into a violent killer, turning New York into a war zone. | H13: AVCO Embassy Pictures, Interstar | I13: 8130 | J13: 5074 | K13: 1538 | L13: 4 | M13: 189 | N13: 1603 | O13: 151 | P13: 5636 | Q13: Action
... A78: Berserk: The Golden Age Arc III â€“ The Advent | B78: Toshiyuki Kubooka | C78: 3.96 | D78: Action, Adventure, Animation, Fantasy, Drama | E78: 110 | F78: Japanese | G78: A year has passed since Guts parted ways with the Band of the Hawks. Meanwhile, his former mercenary group is plotting a rescue mission to save an imprisoned Griffith. | H78: Beyond C., Warner Bros. Pictures, STUDIO4â„ƒ | I78: 31905 | J78: 4857 | K78: 8622 | L78: 183 | M78: 136 | N78: 2379 | O78: 3814 | P78: 21267 | Q78: Action
A79: 9 | B79: Shane Acker | C79: 3.45 | D79: Action, Adventure, Animation, Thriller, Science Fiction | E79: 79 | F79: English | G79: When 9 first comes to life, he finds himself in a post-apocalyptic world. All humans are gone, and it is only by chance that he discovers a small community of others like him taking refuge from fearsome machines that roam the earth intent on their extinction. Despite being the neophyte of the group, 9 convinces the others that hiding will do them no good. | H79: Tim Burton Productions, Relativity Media, Arc Productions, Starz Animation, Focus Features | I79: 283145 | J79: 33976 | K79: 56650 | L79: 1900 | M79: 1885 | N79: 38177 | O79: 14887 | P79: 152261 | Q79: Action
A80: Casino Royale | B80: Val Guest, Ken Hughes | C80: 2.42 | D80: Action, Adventure, Comedy | E80: 131 | F80: English | G80: Sir James Bond is called back out of retirement to stop SMERSH. In order to trick SMERSH, James thinks up the ultimate plan - that every agent will be named 'James Bond'. One of the Bonds, whose real name is Evelyn Tremble is sent to take on Le Chiffre in a game of baccarat, but all the Bonds get more than they can handle. | H80: Famous Artists Productions, Columbia Pictures | I80: 41133 | J80: 12179 | K80: 3529 | L80: 28 | M80: 2642 | N80: 3820 | O80: 490 | P80: 21423 | Q80: Action
A81: Zoolander 2 | B81: Ben Stiller | C81: 2.19 | D81: Action, Adventure, Comedy | E81: 100 | F81: English | G81: Derek and Hansel are modelling again when an opposing company attempts to take them out from the business. | H81: Paramount Pictures, Red Hour, Scott Rudin Productions | I81: 203131 | J81: 16344 | K81: 17520 | L81: 101 | M81: 15345 | N81: 19307 | O81: 3770 | P81: 116065 | Q81: Action
A82: Team America: World Police | B82: Trey Parker | C82: 3.48 | D82: Action, Adventure, Comedy | E82: 97 | F82: English | G82: When North Korean ruler Kim Jong-il orchestrates a global terrorist plot, it's up to the heavily armed, highly specialized Team America unit to stop his dastardly scheme. The group, which has recruited troubled Broadway actor Gary Johnston, not only has to face off against Jong-il, but they must also contend with the Film Actors Guild, a cadre of Hollywood liberals at odds with Team America's 'policing the world' tactics. | H82: Paramount Pictures, Scott Rudin Productions, Parker-Stone Productions | I82: 220464 | J82: 27895 | K82: 40052 | L82: 347 | M82: 2554 | N82: 24958 | O82: 8573 | P82: 120057 | Q82: Action
A83: Armour of God | B83: Jackie Chan, Eric Tsang Chi-Wai | C83: 3.29 | D83: Action, Adventure, Comedy | E83: 97 | F83: Cantonese | G83: Jackie Chan stars as Asian Hawk, an Indiana Jones-style adventurer looking to make a fortune in exotic antiquities. After Hawk discovers a mysterious sword in Africa, a band of Satan-worshipping monks kidnap his ex-girlfriend Lorelei, demanding the sword as ransom as well as other pieces of the legendary Armour of God - a magical outfit dating back to the Crusades. | H83: Orange Sky Golden Harvest, Paragon Films | I83: 23193 | J83: 6241 | K83: 4096 | L83: 30 | M83: 125 | N83: 4363 | O83: 710 | P83: 14354 | Q83: Action
A84: Forbidden City Cop | B84: Vincent Kok Tak-Chiu, Stephen Chow | C84: 3.51 | D84: Action, Adventure, Comedy | E84: 89 | F84: Cantonese | G84: An imperial agent gets ridiculed for his various inventions, until his supportive wife encourages him to attend a conference, which's actually a trap to kill all the doctors serving the emperor, where his crazy inventions come in handy. | H84: "Wins Movie Production Limited", Samico Films Production Co., Ltd. | I84: 4247 | J84: 1427 | K84: 795 | L84: 4 | M84: 9 | N84: 681 | O84: 167 | P84: 2655 | Q84: Action
A85: The Man from U.N.C.L.E. | B85: Guy Ritchie | C85: 3.46 | D85: Action, Adventure, Comedy | E85: 116 | F85: English | G85: At the height of the Cold War, a mysterious criminal organization plans to use nuclear weapons and technology to upset the fragile balance of power between the United States and Soviet Union. CIA agent Napoleon Solo and KGB agent Illya Kuryakin are forced to put aside their hostilities and work together to stop the evildoers in their tracks. The duo's only lead is the daughter of a missing German scientist, whom they must find soon to prevent a global catastrophe. | H85: Wigram Productions, Davis Entertainment, RatPac Entertainment, Warner Bros. Pictures | I85: 456811 | J85: 47039 | K85: 96908 | L85: 1700 | M85: 2506 | N85: 66590 | O85: 16858 | P85: 279566 | Q85: Action
A86: Foodfight! | B86: Lawrence Kasanoff | C86: 1.29 | D86: Action, Adventure, Comedy, Animation, Family, War | E86: 91 | F86: English | G86: The evil Brand X joins a supermarket that becomes a city after closing time. | H86: Threshold Entertainment, C47 Productions, Natural Image, StoryArk Media, Threshold Animation Studios, Viva Kids | I86: 22540 | J86: 7440 | K86: 1953 | L86: 88 | M86: 2541 | N86: 190 | O86: 838 | P86: 16225 | Q86: Action
A87: RED | B87: Robert Schwentke | C87: 3.08 | D87: Action, Adventure, Comedy, Crime, Thriller | E87: 111 | F87: English | G87: After surviving an assault from a squad of hit men, retired CIA black ops agent Frank Moses reassembles his old team for an all-out war. Frank reunites with old Joe, crazy Marvin and wily Victoria to uncover a massive conspiracy that threatens their lives. Only their expert training will allow them to survive a near-impossible mission -- breaking into CIA headquarters. | H87: di Bonaventura Pictures, DC | I87: 261459 | J87: 21021 | K87: 30933 | L87: 226 | M87: 2754 | N87: 43412 | O87: 4739 | P87: 133411 | Q87: Action
A88: Maverick | B88: Richard Donner | C88: 3.4 | D88: Action, Adventure, Comedy, Drama, Western | E88: 127 | F88: English | G88: Bret Maverick is a gambler who would rather con someone than fight them, and needs an additional $3k in order to enter a winner-takes-all poker game beginning in a few days. He joins forces with a woman with a marvelous Southern accent, and the two try and enter the game. | H88: Warner Bros. Pictures, Icon Productions, Donner/Shuler-Donner Productions | I88: 67174 | J88: 10626 | K88: 10733 | L88: 75 | M88: 413 | N88: 10217 | O88: 1542 | P88: 35406 | Q88: Action
A89: Inspector Gadget | B89: David Kellogg | C89: 2.07 | D89: Action, Adventure, Comedy, Family | E89: 78 | F89: English | G89: John Brown is a bumbling but well-intentioned security guard who is badly injured in an explosion planned by an evil mastermind. He is taken to a laboratory, where Brenda, a leading robotics surgeon, replaces his damaged limbs with state-of-the-art gadgets and tools. Named "Inspector Gadget" by the press, John -- along with his niece, Penny, and her trusty dog, Brain -- uses his new powers to discover who was behind the explosion. | H89: DiC Entertainment, Walt Disney Pictures, Caravan Pictures, Avnet/Kerner Productions, Roger Birnbaum Productions | I89: 157340 | J89: 10305 | K89: 7312 | L89: 22 | M89: 9735 | N89: 8017 | O89: 891 | P89: 56853 | Q89: Action
A90: Argoman the Fantastic Superman | B90: Sergio Grieco | C90: 2.84 | D90: Action, Adventure, Comedy, Science Fiction | E90: 85 | F90: Italian | G90: Argoman is practically invincible with powers beyond the scope of mortal man. Who is Sir Reginald Hoover, he seems to know what mission Argoman is involved with? Will Jenabell become the Queen of the World and achieve her wishes to outsmart Argoman? | H90: Fida Cinematografica | I90: 864 | J90: 901 | K90: 128 | L90: 1 | M90: 74 | N90: 108 | O90: 15 | P90: 602 | Q90: Action
A91: Skiptrace | B91: Renny Harlin | C91: 2.49 | D91: Action, Adventure, Crime, Comedy | E91: 107 | F91: English | G91: A detective from Hong Kong teams up with an American gambler to battle against a notorious Chinese criminal. | H91: JC Group International, InterTitle Films, Cider Mill Pictures, Dasym Enetertainment, Talent International Media, Talent International Film Cultural Company, Lionsgate | I91: 14733 | J91: 2507 | K91: 1376 | L91: 4 | M91: 704 | N91: 2034 | O91: 218 | P91: 9159 | Q91: Action
... A512: Superman II: The Richard Donner Cut | B512: Richard Donner | C512: 3.59 | D512: Action, Science Fiction, Adventure | E512: 116 | F512: English | G512: Superman agrees to sacrifice his powers to start a relationship with Lois Lane, unaware that three Kryptonian criminals he inadvertently released are conquering Earth. | H512: Warner Bros. Pictures, DC, Dovemead Films | I512: 29332 | J512: 8849 | K512: 7167 | L512: 39 | M512: 83 | N512: 3422 | O512: 1308 | P512: 17960 | Q512: Action
A513: 65 | B513: Scott Beck, Bryan Woods | C513: 2.13 | D513: Action, Science Fiction, Adventure | E513: 92 | F513: English | G513: 65 million years ago, the only 2 survivors of a spaceship from Somaris that crash-landed on Earth, must fend off dinosaurs to reach the escape vessel in time before an imminent asteroid strike threatens to destroy the planet. | H513: Raimi Productions, Beck/Woods, Bron Studios, Columbia Pictures, TSG Entertainment | I513: 212314 | J513: 43795 | K513: 20568 | L513: 25 | M513: 17114 | N513: 32908 | O513: 1723 | P513: 174450 | Q513: Action
A514: AVP: Alien vs. Predator | B514: Paul W. S. Anderson | C514: 2.57 | D514: Action, Science Fiction, Adventure, Horror | E514: 100 | F514: English | G514: When scientists discover something near Antarctica that appears to be a buried Pyramid, they send a research team out to investigate. Little do they know that they are about to step into a hunting ground where Aliens are grown as sport for the Predator race. | H514: Studio Babelsberg, Davis Entertainment, Stillking Films, Lonlink Productions, Kut Productions, Inside Track Films, 20th Century Fox, Brandywine Productions | I514: 281879 | J514: 53719 | K514: 36612 | L514: 267 | M514: 10533 | N514: 43681 | O514: 4176 | P514: 172299 | Q514: Action
A515: Resident Evil: Afterlife | B515: Paul W. S. Anderson | C515: 2.5 | D515: Action, Science Fiction, Adventure, Horror | E515: 97 | F515: English | G515: In a world ravaged by a virus infection, turning its victims into the Undead, Alice continues on her journey to find survivors and lead them to safety. Her deadly battle with the Umbrella Corporation reaches new heights, but Alice gets some unexpected help from an old friend. A new lead that promises a safe haven from the Undead takes them to Los Angeles, but when they arrive the city is overrun by thousands of Undead - and Alice and her comrades are about to step into a deadly trap. | H515: Screen Gems, Constantin Film, Davis Films/Impact Pictures | I515: 162510 | J515: 24770 | K515: 18213 | L515: 116 | M515: 7818 | N515: 19865 | O515: 4156 | P515: 89755 | Q515: Action
A516: Gamera vs. Gyaos | B516: Noriaki Yuasa | C516: 3.06 | D516: Action, Science Fiction, Adventure, Horror | E516: 86 | F516: Japanese | G516: Unusual volcanic activity in Japan awakens Gyaos, a bloodthirsty flying monster with the power to slice things in half with an ultrasonic ray. While scientists and the military scramble to devise a way to stop this new threat, a young boy forms an alliance with Gamera; a monster no one else seems to trust. | H516: Daiei Film | I516: 6802 | J516: 5579 | K516: 1718 | L516: 1 | M516: 99 | N516: 1602 | O516: 118 | P516: 4776 | Q516: Action
A517: The Saint | B517: Phillip Noyce | C517: 2.83 | D517: Action, Science Fiction, Adventure, Thriller, Romance | E517: 116 | F517: English | G517: Simon Templar (The Saint), is a thief for hire, whose latest job to steal the secret process for cold fusion puts him at odds with a traitor bent on toppling the Russian government, as well as the woman who holds its secret. | H517: Paramount Pictures, Rysher Entertainment, Mace Neufeld Productions, Studio Trite | I517: 43056 | J517: 6022 | K517: 4938 | L517: 78 | M517: 921 | N517: 6527 | O517: 665 | P517: 22626 | Q517: Action
A518: Redline | B518: Takeshi Koike | C518: 4.09 | D518: Action, Science Fiction, Animation | E518: 102 | F518: Japanese | G518: A daredevil driver is determined to compete in Redline, the most popular race in the galaxy. The race only occurs every five years, but in order to participate he must overcome the mafia, the government and even love. | H518: TFC, Madhouse | I518: 85488 | J518: 23904 | K518: 33202 | L518: 2200 | M518: 175 | N518: 5888 | O518: 13027 | P518: 62408 | Q518: Action
A519: Starship Troopers: Invasion | B519: Shinji Aramaki | C519: 2.61 | D519: Action, Science Fiction, Animation | E519: 89 | F519: English | G519: The troopers of two starships have joined forces to terminate a massive bug attack at a Federation outpost. Before the mission can be completed and the survivors evacuated, one ship abruptly departs and goes inexplicably dark. The remaining battle-hardened troopers race to the rescue only to discover that the threat from the bugs is about to hit home. | H519: Sola Digital Arts, Stage 6 Films | I519: 4680 | J519: 1752 | K519: 457 | L519: 1 | M519: 236 | N519: 710 | O519: 60 | P519: 2985 | Q519: Action
A520: Mobile Suit Gundam I | B520: Ryoji Fujiwara, Yoshiyuki Tomino | C520: 3.56 | D520: Action, Science Fiction, Animation | E520: 139 | F520: Japanese | G520: In the year Universal Century 0079, humans have colonized the area of space lying in between the Earth and the moon. However, the ambitious Zabi family, rulers of the Duchy of Zeon, the grouping of colonies furthest from the earth, has sparked a war. | H520: SUNRISE | I520: 14458 | J520: 3469 | K520: 4107 | L520: 29 | M520: 35 | N520: 2365 | O520: 627 | P520: 10028 | Q520: Action
A521: Lensman | B521: Yoshiaki Kawajiri, Kazuyuki Hirokawa | C521: 3.23 | D521: Action, Science Fiction, Animation | E521: 107 | F521: Japanese | G521: In this animated adaptation of E. E. Doc Smith's groundbreaking science fiction serial "Grey Lensman" from the 1930s-1950s, Kimball Kinnison, a young man from the agricultural planet Mquie and his Valerian companion, Buscirk find a dying man with a legendary crystal lens embedded in his hand. As the man was dying, he mysteriously passed on the Lens to Kim. With more companions to come by, Kim must find out the purpose of the Lens before the Boskone dynasty does. | H521: TOHO, EE Doc Smith MK Company, MK Productions Ltd., Madhouse, Kodansha | I521: 879 | J521: 1055 | K521: 175 | L521: 2 | M521: 10 | N521: 168 | O521: 30 | P521: 513 | Q521: Action
A522: Patlabor 2: The Movie | B522: Mamoru Oshii | C522: 4.14 | D522: Action, Science Fiction, Animation, Thriller | E522: 116 | F522: Japanese | G522: A Japanese police unit who use giant anthropomorphic robots (called Labors) is caught up in a political struggle between the civilian authorities and the military when a terrorist act is blamed on an Air Force jet. With the aid of a government agent, the team gets close to a terrorist leader to stop things from going out of control when after the military is impelled to impose martial law. | H522: Production I.G, Bandai Visual, TFC, ING, Headgear | I522: 13263 | J522: 6584 | K522: 5033 | L522: 376 | M522: 24 | N522: 715 | O522: 2233 | P522: 8974 | Q522: Action
A523: The World's End | B523: Edgar Wright | C523: 3.62 | D523: Action, Science Fiction, Comedy | E523: 109 | F523: English | G523: Five friends who reunite in an attempt to top their epic pub crawl from 20 years earlier unwittingly become humankind's only hope for survival. | H523: Big Talk Studios, Working Title Films, Relativity Media, Working Title Films | I523: 554547 | J523: 84550 | K523: 136263 | L523: 2700 | M523: 2621 | N523: 74916 | O523: 27366 | P523: 357954 | Q523: Action
A524: Land of the Lost | B524: Brad Silberling | C524: 2.49 | D524: Action, Science Fiction, Comedy, Adventure | E524: 102 | F524: English | G524: On his latest expedition, Dr. Rick Marshall is sucked into a space-time vortex alongside his research assistant and a redneck survivalist. In this alternate universe, the trio make friends with a primate named Chaka, their only ally in a world full of dinosaurs and other fantastic creatures. | H524: Universal Pictures, Relativity Media, Sid & Marty Krofft Pictures, Mosaic Media Group | I524: 117561 | J524: 11875 | K524: 14256 | L524: 322 | M524: 6070 | N524: 12899 | O524: 2911 | P524: 65207 | Q524: Action
A525: RoboCop | B525: JosÃ© Padilha | C525: 2.36 | D525: Action, Science Fiction, Crime | E525: 118 | F525: English | G525: In RoboCop, the year is 2028 and multinational conglomerate OmniCorp is at the center of robot technology. Overseas, their drones have been used by the military for years, but have been forbidden for law enforcement in America. Now OmniCorp wants to bring their controversial technology to the home front, and they see a golden opportunity to do it. When Alex Murphy â€“ a loving husband, father and good cop doing his best to stem the tide of crime and corruption in Detroit â€“ is critically injured, OmniCorp sees their chance to build a part-man, part-robot police officer. OmniCorp envisions a RoboCop in every city and even more billions for their shareholders, but they never counted on one thing: there is still a man inside the machine. | H525: Metro-Goldwyn-Mayer, Columbia Pictures, Strike Entertainment | I525: 200502 | J525: 16752 | K525: 13218 | L525: 27 | M525: 9609 | N525: 25453 | O525: 996 | P525: 113904 | Q525: Action
... A707: Nam Angels | B707: Cirio H. Santiago | C707: 3.13 | D707: Action, War, Adventure | E707: 91 | F707: English | G707: Lt. Vance Calhoun takes on a dangerous rescue mission of American P.O.W.s in the treacherous Darloc Valley in Vietnam. His only chance to escape is with the help of five young, fearless soldiers on motorcycles. | H707: Concorde-New Horizons | I707: 361 | J707: 659 | K707: 77 | L707: 0 | M707: 10 | N707: 81 | O707: 5 | P707: 261 | Q707: Action
A708: 300 | B708: Zack Snyder | C708: 3.38 | D708: Action, War, Adventure | E708: 116 | F708: English | G708: Based on Frank Miller's graphic novel, "300" is very loosely based the 480 B.C. Battle of Thermopylae, where the King of Sparta led his army against the advancing Persians; the battle is said to have inspired all of Greece to band together against the Persians, and helped usher in the world's first democracy. | H708: Virtual Studios, Legendary Pictures, Hollywood Gang Productions, Atmosphere Entertainment MM, Nimar Studios, Warner Bros. Pictures, Cruel & Unusual Films | I708: 832867 | J708: 67373 | K708: 136954 | L708: 1700 | M708: 9635 | N708: 108323 | O708: 30868 | P708: 457093 | Q708: Action
A709: Rambo: First Blood Part II | B709: George P. Cosmatos | C709: 3.14 | D709: Action, War, Adventure, Thriller | E709: 96 | F709: English | G709: John Rambo is released from prison by the government for a top-secret covert mission to the last place on Earth he'd want to return - the jungles of Vietnam. | H709: Carolco Pictures, Estudios Churubusco Azteca, Anabasis N.V. | I709: 167148 | J709: 26340 | K709: 25371 | L709: 177 | M709: 1578 | N709: 32701 | O709: 4742 | P709: 99112 | Q709: Action
A710: Hot Shots! | B710: Jim Abrahams | C710: 3.2 | D710: Action, War, Comedy | E710: 85 | F710: English | G710: The gang that created Airplane and The Naked Gun sets its sights on Top Gun in this often hilarious spoof starring Charlie Sheen, who previously only inspired laughs with his personal life. He plays Topper Harley, a fighter pilot with an axe to grind: clearing the family name. He gets involved in a relationship with Valerie Golino, a woman with an unusually talented stomach. But his mission is to avenge his father. Lloyd Bridges, late in his career, revealed an aptitude for this kind of silliness, here as a commander who is both incredibly dim and delightfully accident prone. Directed by Jim Abrahams, the film makes fun of a variety of other films as well, from Dances with Wolves to The Fabulous Baker Boys. It was so successful that they all returned in the sequel, Hot Shots! Part Deux. | H710: 20th Century Fox | I710: 101334 | J710: 12001 | K710: 14627 | L710: 75 | M710: 956 | N710: 17992 | O710: 1987 | P710: 55690 | Q710: Action
A711: The Longest Day | B711: Ken Annakin, Andrew Marton | C711: 3.79 | D711: Action, War, Drama | E711: 178 | F711: English | G711: The retelling of June 6, 1944, from the perspectives of the Germans, US, British, Canadians, and the Free French. Marshall Erwin Rommel, touring the defenses being established as part of the Reich's Atlantic Wall, notes to his officers that when the Allied invasion comes they must be stopped on the beach. "For the Allies as well as the Germans, it will be the longest day" | H711: Darryl F. Zanuck Productions, 20th Century Fox | I711: 31816 | J711: 15245 | K711: 6140 | L711: 154 | M711: 85 | N711: 3260 | O711: 1907 | P711: 19614 | Q711: Action
A712: The Boys from St. Petri | B712: SÃ¸ren Kragh-Jacobsen | C712: 3.44 | D712: Action, War, Drama | E712: 111 | F712: Danish | G712: A group of school-mates form a resistance group in nazi-occupied Denmark. | H712: Norsk Film, Metronome Productions | I712: 1591 | J712: 550 | K712: 131 | L712: 2 | M712: 5 | N712: 241 | O712: 26 | P712: 719 | Q712: Action
A713: Fixed Bayonets! | B713: Samuel Fuller | C713: 3.59 | D713: Action, War, Drama | E713: 92 | F713: English | G713: The story of a platoon during the Korean War. One by one, Corporal Denno's superiors are killed until it comes to the point where he must try to take command responsibility. | H713: 20th Century Fox | I713: 2690 | J713: 2220 | K713: 581 | L713: 1 | M713: 3 | N713: 363 | O713: 78 | P713: 1716 | Q713: Action
A714: Greyhound | B714: Aaron Schneider | C714: 3.18 | D714: Action, War, Drama | E714: 92 | F714: English | G714: A first-time captain leads a convoy of allied ships carrying thousands of soldiers across the treacherous waters of the "Black Pit" to the front lines of WWII. With no air cover protection for 5 days, the captain and his convoy must battle the surrounding enemy Nazi U-boats in order to give the allies a chance to win the war. | H714: Playtone, Bron Studios, FilmNation Entertainment, Sycamore Pictures, Zhengfu Pictures, Sony Pictures, Stage 6 Films | I714: 104207 | J714: 19478 | K714: 17287 | L714: 97 | M714: 925 | N714: 23975 | O714: 2775 | P714: 78243 | Q714: Action
A715: The Last Full Measure | B715: Todd Robinson | C715: 3.13 | D715: Action, War, Drama | E715: 110 | F715: English | G715: The incredible true story of Vietnam War hero William H. Pitsenbarger, a U.S. Air Force Pararescuemen medic who personally saved over sixty men. Thirty-two years later, Pentagon staffer Scott Huffman investigates a Congressional Medal of Honor request for Pitsenbarger and uncovers a high-level conspiracy behind the decades-long denial of the medal, prompting Huffman to put his own career on the line to seek justice for the fallen airman. | H715: Foresight Unlimited, Provocator, SSS Entertainment, BCL Finance Group, Boss Collaboration, SC Films Thailand Co., Production Capital, Hollywood Gold, Hero Entertainment Group | I715: 8834 | J715: 2862 | K715: 1465 | L715: 10 | M715: 133 | N715: 1784 | O715: 409 | P715: 6526 | Q715: Action
A716: Zulu | B716: Cy Endfield | C716: 3.76 | D716: Action, War, History, Drama | E716: 138 | F716: English | G716: In 1879, during the Anglo-Zulu War, man-of-the-people Lt. Chard and snooty Lt. Bromhead are in charge of defending the isolated and vastly outnumbered Natal outpost of Rorke's Drift from tribal hordes. | H716: Diamond Films UK | I716: 33668 | J716: 11748 | K716: 7262 | L716: 319 | M716: 167 | N716: 3404 | O716: 2522 | P716: 21741 | Q716: Action
A717: Macross: Do You Remember Love? | B717: Shoji Kawamori, Noboru Ishiguro | C717: 3.87 | D717: Action, War, Science Fiction, Animation | E717: 114 | F717: Japanese | G717: It is A.D. 2009 and the human race is caught in a war between giant humanoids, male Zentrans and female Meltrans. Returning from the edge of our solar system after making a space fold, the SDF-1 Macross makes the long journey back to Earth with survivors of South Ataria Island. | H717: Big West, MBS, Shogakukan, Fizz Sound Creation, Victor Entertainment, Artland, Tatsunoko Production, TOHO | I717: 6353 | J717: 3289 | K717: 2109 | L717: 119 | M717: 32 | N717: 564 | O717: 740 | P717: 4204 | Q717: Action
A718: The Passage | B718: J. Lee Thompson | C718: 3.09 | D718: Action, War, Thriller | E718: 99 | F718: English | G718: During WW 2, a Basque shepherd is approached by the underground, who wants him to lead a scientist and his family across the Pyrenees. While being pursued by a sadistic German. | H718: Hemdale, Passage Films, Monday Films | I718: 1255 | J718: 1060 | K718: 204 | L718: 0 | M718: 21 | N718: 303 | O718: 17 | P718: 909 | Q718: Action
A719: Rambo | B719: Sylvester Stallone | C719: 3.12 | D719: Action, War, Thriller | E719: 92 | F719: English | G719: In Thailand, ex-Green Beret John James Rambo joins a group of mercenaries to venture into war-torn neighboring Myanmar to rescue a group of Christian aid workers who have been kidnapped by a ruthless local infantry unit. | H719: Nu Image, Equity Pictures Medienfonds GmbH & Co. KG IV, Millennium Media, Lionsgate, The Weinstein Company | I719: 147415 | J719: 20987 | K719: 20109 | L719: 202 | M719: 2091 | N719: 25274 | O719: 3901 | P719: 85846 | Q719: Action
A720: Kill Zone | B720: Cirio H. Santiago | C720: 3.27 | D720: Action, War, Thriller | E720: 81 | F720: English | G720: An American colonel will pay any price to defeat the Viet Cong. When his unauthorized fighting force in Cambodia is discovered, he becomes a one man army, fighting a war of his own for a cause he knows is just. | H720: Unknown | I720: 178 | J720: 443 | K720: 18 | L720: 0 | M720: 18 | N720: 27 | O720: 1 | P720: 122 | Q720: Action
... A815: Johnny Mnemonic | B815: Robert Longo | C815: 2.83 | D815: Adventure, Action, Science Fiction | E815: 97 | F815: English | G815: In a dystopian 2021, Johnny is a data trafficker who has an implant that allows him to securely store data too sensitive for regular computer networks. On one delivery run, he accepts a package that not only exceeds the implant's safety limitsâ€”and will kill him if the data is not removed in timeâ€”but also contains information far more important and valuable than he had ever imagined. On a race against time, he must avoid the assassins sent to kill him and remove the data before it, too, ends his life. | H815: TriStar Pictures, Don Carmody Productions, Alliance Atlantis | I815: 83749 | J815: 15763 | K815: 15017 | L815: 129 | M815: 2101 | N815: 13377 | O815: 1644 | P815: 49521 | Q815: Adventure
A816: 2012 | B816: Roland Emmerich | C816: 2.5 | D816: Adventure, Action, Science Fiction | E816: 158 | F816: English | G816: Dr. Adrian Helmsley, part of a worldwide geophysical team investigating the effect on the earth of radiation from unprecedented solar storms, learns that the earth's core is heating up. He warns U.S. President Thomas Wilson that the crust of the earth is becoming unstable and that without proper preparations for saving a fraction of the world's population, the entire race is doomed. Meanwhile, writer Jackson Curtis stumbles on the same information. While the world's leaders race to build "arks" to escape the impending cataclysm, Curtis struggles to find a way to save his family. Meanwhile, volcanic eruptions and earthquakes of unprecedented strength wreak havoc around the world. | H816: Columbia Pictures, Centropolis Entertainment, Farewell Productions, The Mark Gordon Company | I816: 700551 | J816: 35376 | K816: 55573 | L816: 792 | M816: 29159 | N816: 79069 | O816: 11037 | P816: 349748 | Q816: Adventure
A817: The Spy Who Loved Flowers | B817: Umberto Lenzi | C817: 3.27 | D817: Adventure, Action, Science Fiction | E817: 93 | F817: Italian | G817: Three enemy agents lead a government security man on a perilous trail as the hunter becomes the hunted. | H817: Romana Film | I817: 115 | J817: 373 | K817: 19 | L817: 0 | M817: 1 | N817: 20 | O817: 2 | P817: 76 | Q817: Adventure
A818: Future Hunters | B818: Cirio H. Santiago | C818: 3 | D818: Adventure, Action, Science Fiction | E818: 96 | F818: English | G818: A man from a post-apocalyptic future travels back in time to prevent the coming nuclear holocaust and enlists the help of a young couple. | H818: Lightning Pictures | I818: 531 | J818: 1147 | K818: 82 | L818: 0 | M818: 25 | N818: 105 | O818: 7 | P818: 392 | Q818: Adventure
A819: Star Wars: The Rise of Skywalker | B819: J.J. Abrams | C819: 2.34 | D819: Adventure, Action, Science Fiction | E819: 142 | F819: English | G819: The surviving Resistance faces the First Order once again as the journey of Rey, Finn and Poe Dameron continues. With the power and knowledge of generations behind them, the final battle begins. | H819: Lucasfilm Ltd., Bad Robot | I819: 1764377 | J819: 211791 | K819: 215533 | L819: 691 | M819: 129946 | N819: 205969 | O819: 37917 | P819: 1078046 | Q819: Adventure
A820: Ant-Man and the Wasp | B820: Peyton Reed | C820: 2.86 | D820: Adventure, Action, Science Fiction | E820: 119 | F820: English | G820: Just when his time under house arrest is about to end, Scott Lang once again puts his freedom at risk to help Hope van Dyne and Dr. Hank Pym dive into the quantum realm and try to accomplish, against time and any chance of success, a very dangerous rescue mission. | H820: Marvel Studios | I820: 1632227 | J820: 217060 | K820: 240172 | L820: 279 | M820: 34227 | N820: 273873 | O820: 40032 | P820: 923729 | Q820: Adventure
A821: Bloodshot | B821: Dave Wilson | C821: 2.12 | D821: Adventure, Action, Science Fiction | E821: 110 | F821: English | G821: After he and his wife are murdered, marine Ray Garrison is resurrected by a team of scientists. Enhanced with nanotechnology, he becomes a superhuman, biotech killing machineâ€”'Bloodshot'. As Ray first trains with fellow super-soldiers, he cannot recall anything from his former life. But when his memories flood back and he remembers the man that killed both him and his wife, he breaks out of the facility to get revenge, only to discover that there's more to the conspiracy than he thought. | H821: Cross Creek Pictures, Original Film, Columbia Pictures, Bona Film Group, The Hideaway Entertainment | I821: 88169 | J821: 14751 | K821: 7392 | L821: 13 | M821: 6861 | N821: 11198 | O821: 758 | P821: 62331 | Q821: Adventure
A822: Warlords of the 21st Century | B822: Harley Cokeliss | C822: 2.77 | D822: Adventure, Action, Science Fiction | E822: 91 | F822: English | G822: It's the 21st century, the Oil Wars have made a mess of the planet and the land outside major cities is lawless. After Hunter comes to the aid of Corlie, who has run away from the villainous Straker, he takes her to the peaceful community of Clearwater. Unfortunately for the citizens of Clearwater, Straker fully intends to get Corlie back. | H822: Battletruck Films Ltd. | I822: 1798 | J822: 1923 | K822: 270 | L822: 1 | M822: 62 | N822: 342 | O822: 17 | P822: 1230 | Q822: Adventure
A823: Jurassic World Dominion | B823: Colin Trevorrow | C823: 2.24 | D823: Adventure, Action, Science Fiction | E823: 147 | F823: English | G823: Four years after Isla Nublar was destroyed, dinosaurs now liveâ€”and huntâ€”alongside humans all over the world. This fragile balance will reshape the future and determine, once and for all, whether human beings are to remain the apex predators on a planet they now share with history's most fearsome creatures. | H823: Amblin Entertainment, Universal Pictures | I823: 637945 | J823: 88994 | K823: 67569 | L823: 250 | M823: 47252 | N823: 85238 | O823: 12724 | P823: 439394 | Q823: Adventure
A824: Battleship | B824: Peter Berg | C824: 2.17 | D824: Adventure, Action, Science Fiction, Thriller | E824: 131 | F824: English | G824: When mankind beams a radio signal into space, a reply comes from â€˜Planet Gâ€™, in the form of several alien crafts that splash down in the waters off Hawaii. Lieutenant Alex Hopper is a weapons officer assigned to the USS John Paul Jones, part of an international naval coalition which becomes the world's last hope for survival as they engage the hostile alien force of unimaginable strength. While taking on the invaders, Hopper must also try to live up to the potential that his brother, and his fiancÃ©e's fatherâ€”an Admiralâ€”expect of him. | H824: Bluegrass Films, Film 44, dentsu, Universal Pictures, Hasbro Studios | I824: 152398 | J824: 14382 | K824: 12455 | L824: 285 | M824: 12392 | N824: 14857 | O824: 2338 | P824: 89710 | Q824: Adventure
A825: The Expendables | B825: Sylvester Stallone | C825: 2.73 | D825: Adventure, Action, Thriller | E825: 103 | F825: English | G825: Barney Ross leads a band of highly skilled mercenaries including knife enthusiast Lee Christmas, a martial arts expert Yin Yang, heavy weapons specialist Hale Caesar, demolitionist Toll Road, and a loose-cannon sniper Gunner Jensen. When the group is commissioned by the mysterious Mr. Church to assassinate the dictator of a small South American island, Barney and Lee visit the remote locale to scout out their opposition and discover the true nature of the conflict engulfing the city. | H825: Nimar Studios, Rogue Marble, Millennium Media, Nu Image, Lionsgate | I825: 309587 | J825: 24850 | K825: 29102 | L825: 163 | M825: 7765 | N825: 48922 | O825: 4440 | P825: 162693 | Q825: Adventure
A826: Die Another Day | B826: Lee Tamahori | C826: 2.52 | D826: Adventure, Action, Thriller | E826: 133 | F826: English | G826: James Bond is sent to investigate the connection between a North Korean terrorist and a diamond mogul, who is funding the development of an international space weapon. | H826: EON Productions, Metro-Goldwyn-Mayer, Danjaq, KanZaman Productions | I826: 226282 | J826: 37328 | K826: 17015 | L826: 48 | M826: 8585 | N826: 26070 | O826: 1933 | P826: 112386 | Q826: Adventure
A827: Spectre | B827: Sam Mendes | C827: 3.19 | D827: Adventure, Action, Thriller | E827: 148 | F827: English | G827: A cryptic message from Bondâ€™s past sends him on a trail to uncover a sinister organization. While M battles political forces to keep the secret service alive, Bond peels back the layers of deceit to reveal the terrible truth behind SPECTRE. | H827: Metro-Goldwyn-Mayer, Columbia Pictures, EON Productions, Danjaq, B24 | I827: 833269 | J827: 79985 | K827: 114259 | L827: 291 | M827: 6409 | N827: 148369 | O827: 16937 | P827: 466937 | Q827: Adventure
A828: The Hunt for Red October | B828: John McTiernan | C828: 3.76 | D828: Adventure, Action, Thriller | E828: 135 | F828: English | G828: A new technologically-superior Soviet nuclear sub, the Red October, is heading for the U.S. coast under the command of Captain Marko Ramius. The American government thinks Ramius is planning to attack. Lone CIA analyst Jack Ryan has a different idea: he thinks Ramius is planning to defect, but he has only a few hours to find him and prove it - because the entire Russian naval and air commands are trying to find Ramius, too. The hunt is on! | H828: Paramount Pictures, Mace Neufeld Productions, Nina Saxon Film Design | I828: 191872 | J828: 33087 | K828: 40996 | L828: 944 | M828: 415 | N828: 19461 | O828: 9111 | P828: 115373 | Q828: Adventure
... A1354: Summer Wars | B1354: Mamoru Hosoda | C1354: 3.8 | D1354: Animation, Science Fiction | E1354: 114 | F1354: Japanese | G1354: A student tries to fix a problem he accidentally caused in OZ, a digital world, while pretending to be the fiancÃ© of his friend at her grandmother's 90th birthday. | H1354: Madhouse, Nippon Television Network Corporation, KADOKAWA Shoten, D.N. Dream Partners, Warner Bros. Japan, Yomiuri Telecasting Corporation, VAP, Studio Chizu | I1354: 75578 | J1354: 17661 | K1354: 20363 | L1354: 885 | M1354: 272 | N1354: 7358 | O1354: 6024 | P1354: 47006 | Q1354: Animation
A1355: 9 | B1355: Shane Acker | C1355: 3.43 | D1355: Animation, Science Fiction | E1355: 11 | F1355: English | G1355: A rag doll fights a monster that has been stealing the souls of his people. | H1355: Unknown | I1355: 16389 | J1355: 2122 | K1355: 2283 | L1355: 27 | M1355: 93 | N1355: 1910 | O1355: 506 | P1355: 6700 | Q1355: Animation
A1356: Pale Cocoon | B1356: Yasuhiro Yoshiura | C1356: 3.43 | D1356: Animation, Science Fiction | E1356: 23 | F1356: Japanese | G1356: In the far future when the continuity of the history has been lost, humans live in an ever more deteriorating completely artificial and enclosed world. The sea and the sky have disappeared, and the only window to "living" scenery exists in the records from the past, excavated in the relic.The Bureau of Record Excavation is an organization responsible for this task. Ura works for the 92nd office of the bureau. He is absorbed by the restoration of various records and fascinated by world of the past. Riko keeps a little distance to watch him, but averts her eyes from the records, believing that sometimes people just want things to stay the same.Everyone in this world knows that to know the past means to know the misery of this world, the present reality. But one day, Ura restores a strange video... | H1356: STUDIO RIKKA, Directions | I1356: 2316 | J1356: 915 | K1356: 345 | L1356: 3 | M1356: 30 | N1356: 340 | O1356: 58 | P1356: 1239 | Q1356: Animation
A1357: Altered Carbon: Resleeved | B1357: Yoshiyuki Okada, Takeru Nakajima | C1357: 3.1 | D1357: Animation, Science Fiction | E1357: 75 | F1357: Japanese | G1357: On the planet Latimer, Takeshi Kovacs must protect a tattooist while investigating the death of a yakuza boss alongside a no-nonsense CTAC. | H1357: ANIMA | I1357: 8650 | J1357: 1841 | K1357: 1075 | L1357: 9 | M1357: 114 | N1357: 1849 | O1357: 208 | P1357: 6346 | Q1357: Animation
A1358: Ghost in the Shell | B1358: Mamoru Oshii | C1358: 4.09 | D1358: Animation, Science Fiction, Action | E1358: 83 | F1358: Japanese | G1358: In the year 2029, the barriers of our world have been broken down by the net and by cybernetics, but this brings new vulnerability to humans in the form of brain-hacking. When a highly-wanted hacker known as 'The Puppetmaster' begins involving them in politics, Section 9, a group of cybernetically enhanced cops, are called in to investigate and stop the Puppetmaster. | H1358: Bandai Visual, Production I.G, Kodansha, Manga Entertainment | I1358: 467079 | J1358: 99716 | K1358: 154233 | L1358: 7000 | M1358: 895 | N1358: 29629 | O1358: 64400 | P1358: 306998 | Q1358: Animation
A1359: Psycho-Pass: The Movie | B1359: Naoyoshi Shiotani, Katsuyuki Motohiro | C1359: 3.52 | D1359: Animation, Science Fiction, Action | E1359: 113 | F1359: Japanese | G1359: Year 2116â€”The Japanese government begins to export the Sibyl System unmanned drone robots to troubled countries, and the system spreads throughout the world. A state in the midst of a civil war, SEAUn (the South East Asia Union), brings in the Sibyl System as an experiment. Under the new system, the coastal town of Shambala Float achieves temporary peace and safety. But then SEAUn sends terrorists to Japan. They slip through the Sibyl System and then attack from within. The shadow of a certain man falls on this incident. In charge of the police, Tsunemori travels to Shambala Float to investigate. The truth of justice on this new ground will become clear. | H1359: Production I.G, Fuji Television Network, TOHO, Sony Music Entertainment, Kyoraku Industrial Holdings, dentsu, Nitroplus | I1359: 10788 | J1359: 2375 | K1359: 1755 | L1359: 22 | M1359: 55 | N1359: 1649 | O1359: 482 | P1359: 6812 | Q1359: Animation
A1360: Appleseed | B1360: Shinji Aramaki | C1360: 3.18 | D1360: Animation, Science Fiction, Action | E1360: 101 | F1360: Japanese | G1360: In a utopian society created at the end of the third world war, a female warrior who has been plucked from the badlands begins to see cracks in this new facade. And what does this community have planned for the rest of humankind? | H1360: TOHO, TBS, Digital Frontier, Geneon Entertainment, MBS, Micott Basara K.K., TYO Productions, Appleseed Film Partners | I1360: 8504 | J1360: 2711 | K1360: 1056 | L1360: 7 | M1360: 109 | N1360: 1331 | O1360: 165 | P1360: 4438 | Q1360: Animation
A1361: Superman: Doomsday | B1361: Lauren Montgomery, Bruce Timm | C1361: 3.15 | D1361: Animation, Science Fiction, Action | E1361: 75 | F1361: English | G1361: When LexCorp accidentally unleashes a murderous creature, Superman meets his greatest challenge as a champion. Based on the "The Death of Superman" storyline that appeared in DC Comics' publications in the 1990s. | H1361: DC, Warner Bros. Animation | I1361: 30502 | J1361: 7576 | K1361: 4358 | L1361: 8 | M1361: 214 | N1361: 6700 | O1361: 453 | P1361: 17646 | Q1361: Animation
A1362: Superman: Red Son | B1362: Sam Liu | C1362: 3.06 | D1362: Animation, Science Fiction, Action | E1362: 84 | F1362: English | G1362: Set in the thick of the Cold War, Red Son introduces us to a Superman who landed in the USSR during the 1950s and grows up to become a Soviet symbol that fights for the preservation of Stalinâ€™s brand of communism. | H1362: Warner Bros. Animation, DC Entertainment | I1362: 42307 | J1362: 9943 | K1362: 7460 | L1362: 10 | M1362: 774 | N1362: 9813 | O1362: 818 | P1362: 30373 | Q1362: Animation
A1363: Time Masters | B1363: RenÃ© Laloux | C1363: 3.72 | D1363: Animation, Science Fiction, Adventure | E1363: 80 | F1363: French | G1363: On planet Perdide, an attack of giant hornets leaves young Piel alone in a wrecked car with his dying father. A mayday message reaches their friend Jaffar, an adventurer travelling through space. Onboard Jaffarâ€™s shuttle are the renegade Prince Matton, his fiancÃ©e, and Silbad, who knows Perdide well. Thus begins an incredible race across space to save Piel. | H1363: Hungarofilm, BBC, PannÃ³nia FilmstÃºdiÃ³, TF1 Films Production, WDR, SÃ¼dwestfunk, RTS, TÃ©lÃ©cip | I1363: 15509 | J1363: 9357 | K1363: 5283 | L1363: 138 | M1363: 56 | N1363: 1804 | O1363: 1272 | P1363: 10809 | Q1363: Animation
A1364: Galaxy Express 999: The Movie | B1364: Rintaro | C1364: 3.75 | D1364: Animation, Science Fiction, Adventure | E1364: 128 | F1364: Japanese | G1364: In the future, one can achieve immortality by obtaining a mechanized body. Orphaned, young Tetsuro hitches a ride on the space train Galaxy Express 999 in the hope of obtaining a cyborg body to avenge his mother's death. Along the way, he meets Maetel, who is the spitting image of his dead mother. | H1364: Toei Animation | I1364: 5837 | J1364: 3718 | K1364: 1625 | L1364: 45 | M1364: 23 | N1364: 575 | O1364: 396 | P1364: 3446 | Q1364: Animation
A1365: Justice League: The New Frontier | B1365: Dave Bullock | C1365: 3.28 | D1365: Animation, Science Fiction, Adventure, Action | E1365: 75 | F1365: English | G1365: The human race is threatened by a powerful creature, and only the combined power of Superman, Batman, Wonder Woman, Green Lantern, Martian Manhunter and The Flash can stop it. But can they overcome their differences to thwart this enemy using the combined strength of their newly formed Justice League? | H1365: Warner Bros. Animation, DC | I1365: 28038 | J1365: 8389 | K1365: 5682 | L1365: 10 | M1365: 195 | N1365: 5027 | O1365: 890 | P1365: 17445 | Q1365: Animation
A1366: A Shaun the Sheep Movie: Farmageddon | B1366: Will Becher, Richard Phelan | C1366: 3.35 | D1366: Animation, Science Fiction, Adventure, Family, Comedy | E1366: 87 | F1366: English | G1366: When an alien with amazing powers crash-lands near Mossy Bottom Farm, Shaun the Sheep goes on a mission to shepherd the intergalactic visitor home before a sinister organization can capture her. | H1366: StudioCanal, Aardman, Anton Capital Entertainment | I1366: 43720 | J1366: 14011 | K1366: 8435 | L1366: 33 | M1366: 296 | N1366: 8892 | O1366: 1444 | P1366: 30645 | Q1366: Animation
A1367: Water, Water Every Hare | B1367: Chuck Jones | C1367: 3.85 | D1367: Animation, Science Fiction, Comedy | E1367: 7 | F1367: English | G1367: Bugs Bunny's rabbit hole floods, causing him to float to the laboratory of an evil scientist who wants to use his brain for a robot. | H1367: Warner Bros. Cartoons | I1367: 5437 | J1367: 1289 | K1367: 1228 | L1367: 1 | M1367: 11 | N1367: 329 | O1367: 351 | P1367: 2168 | Q1367: Animation
... A2788: The Pigeon That Took Rome | B2788: Melville Shavelson | C2788: 3.27 | D2788: Comedy, War | E2788: 103 | F2788: English | G2788: An American Infantry officer assigned to a cloak-and-dagger role in Rome uses homing pigeons for outside contact, with humorous results. | H2788: Llenoc Productions, Paramount Pictures | I2788: 127 | J2788: 840 | K2788: 15 | L2788: 0 | M2788: 4 | N2788: 26 | O2788: 1 | P2788: 77 | Q2788: Comedy
A2789: 1941 | B2789: Steven Spielberg | C2789: 2.62 | D2789: Comedy, War, Action | E2789: 118 | F2789: English | G2789: In the days after the attack on Pearl Harbor, panic grips California, where a military officer leads a mob chasing a Japanese sub. | H2789: Columbia Pictures, A-Team, Universal Pictures | I2789: 39392 | J2789: 17837 | K2789: 4520 | L2789: 24 | M2789: 1973 | N2789: 5287 | O2789: 672 | P2789: 25485 | Q2789: Comedy
A2790: Hot Shots! Part Deux | B2790: Jim Abrahams | C2790: 3.22 | D2790: Comedy, War, Action | E2790: 86 | F2790: English | G2790: Topper Harley is found to be working as an odd-job-man in a monastery. The CIA want him to lead a rescue mission into Iraq, to rescue the last rescue team, who went in to rescue the last rescue teamâ€”who went in to rescue hostages left behind after Desert Storm. | H2790: Sidley Wright & Associates, 20th Century Fox | I2790: 76993 | J2790: 9030 | K2790: 11350 | L2790: 56 | M2790: 776 | N2790: 12684 | O2790: 1704 | P2790: 41061 | Q2790: Comedy
A2791: Three Kings | B2791: David O. Russell | C2791: 3.51 | D2791: Comedy, War, Action | E2791: 114 | F2791: English | G2791: A group of American soldiers stationed in Iraq at the end of the Gulf War find a map they believe will take them to a huge cache of stolen Kuwaiti gold hidden near their base, and they embark on a secret mission that's destined to change everything. | H2791: Village Roadshow Pictures, Atlas Entertainment, Village-A.M. Partnership, Coast Ridge, Junger Witt Productions | I2791: 123629 | J2791: 21991 | K2791: 18482 | L2791: 74 | M2791: 526 | N2791: 16373 | O2791: 2499 | P2791: 66075 | Q2791: Comedy
A2792: Closely Watched Trains | B2792: JiÅ™Ã­ Menzel | C2792: 3.93 | D2792: Comedy, War, Drama | E2792: 93 | F2792: Czech | G2792: At a village railway station in occupied Czechoslovakia, a bumbling dispatcherâ€™s apprentice longs to liberate himself from his virginity. Oblivious to the war and the resistance that surrounds him, this young man embarks on a journey of sexual awakening and self-discovery, encountering a universe of frustration, eroticism, and adventure within his sleepy backwater depot. | H2792: FilmovÃ© studio Barrandov | I2792: 27243 | J2792: 22649 | K2792: 7364 | L2792: 161 | M2792: 76 | N2792: 2098 | O2792: 2096 | P2792: 17954 | Q2792: Comedy
A2793: Valiant | B2793: Gary Chapman | C2793: 2.46 | D2793: Comedy, War, Family, Animation, Adventure | E2793: 76 | F2793: English | G2793: Set in 1944, Valiant is a woodland pigeon who wants to become a great hero someday. When he hears they are hiring recruits for the Royal Homing Pigeon Service, he immediately sets out for London. On the way, he meets a smelly but friendly pigeon named Bugsy, who joins him, mainly to get away from clients he cheated in a game of find-the pebble, and helps him sign up for the war. | H2793: Vanguard Animation, Ealing Studios, UK Film Council, Odyssey Entertainment | I2793: 69421 | J2793: 6775 | K2793: 4011 | L2793: 21 | M2793: 2842 | N2793: 5780 | O2793: 784 | P2793: 27997 | Q2793: Comedy
A2794: Oh! What a Lovely War | B2794: Richard Attenborough | C2794: 3.57 | D2794: Comedy, War, Music | E2794: 138 | F2794: English | G2794: The working-class Smiths change their initially sunny views on World War I after the three boys of the family witness the harsh reality of trench warfare. | H2794: Paramount Pictures, Accord Productions | I2794: 2573 | J2794: 2707 | K2794: 485 | L2794: 12 | M2794: 17 | N2794: 330 | O2794: 139 | P2794: 1552 | Q2794: Comedy
A2795: A Matter of Life and Death | B2795: Emeric Pressburger, Michael Powell | C2795: 4.25 | D2795: Comedy, War, Romance, Drama, Fantasy | E2795: 104 | F2795: English | G2795: When a young RAF pilot miraculously survives bailing out of his aeroplane without a parachute, he falls in love with an American radio operator. But the officials in the other world realise their mistake and dispatch an angel to collect him. | H2795: The Archers, J. Arthur Rank Organisation | I2795: 63596 | J2795: 49050 | K2795: 24111 | L2795: 1100 | M2795: 85 | N2795: 2993 | O2795: 12172 | P2795: 45477 | Q2795: Comedy
A2796: The Villain | B2796: Hal Needham | C2796: 2.58 | D2796: Comedy, Western | E2796: 89 | F2796: English | G2796: Handsome Stranger has agreed to escort Charming Jones to collect her inheritance from her father. But Avery Simpson wants the money and hires notorious outlaw Cactus Jack to ambush Charming. However, Cactus Jack is not very good at robbing people. | H2796: Rastar Productions | I2796: 3684 | J2796: 1806 | K2796: 480 | L2796: 2 | M2796: 192 | N2796: 493 | O2796: 51 | P2796: 2282 | Q2796: Comedy
A2797: Roy Colt and Winchester Jack | B2797: Mario Bava | C2797: 2.91 | D2797: Comedy, Western | E2797: 85 | F2797: Italian | G2797: Two outlaws compete with each other over a treasure map that will lead them to buried gold while one of them is in league with a sadistic priest-turned-crime lord, while a young Native American girl helps both outlaws and plays both sides against each other. | H2797: Tigielle 33, Produzioni Atlas Consorziate | I2797: 854 | J2797: 905 | K2797: 100 | L2797: 0 | M2797: 35 | N2797: 168 | O2797: 5 | P2797: 607 | Q2797: Comedy
A2798: Sonny and Jed | B2798: Sergio Corbucci | C2798: 3.36 | D2798: Comedy, Western | E2798: 94 | F2798: Italian | G2798: As thoroughly unlikeable a robber as ever walked the West, Joe nonetheless robs from the rich and gives to the poor. Not only is he a murderous, ill-tempered sort, he is bad-mannered, too. When beautiful Sonny decides he should be her man and teach her how to be a proper outlaw, sparks fly. | H2798: Producciones CinematogrÃ¡ficas Orfeo, Roberto Loyola Cinematografica, Terra-Filmkunst | I2798: 1502 | J2798: 1383 | K2798: 404 | L2798: 2 | M2798: 11 | N2798: 332 | O2798: 42 | P2798: 1166 | Q2798: Comedy
A2799: Boss Nigger | B2799: Jack Arnold | C2799: 3.36 | D2799: Comedy, Western, Action | E2799: 93 | F2799: English | G2799: Two black bounty hunters ride into a small town out West in pursuit of an outlaw. They discover that the town has no sheriff, and soon take over that position, much against the will of the mostly white townsfolk. | H2799: Dimension Pictures, Eaves Movie Ranch | I2799: 4189 | J2799: 2776 | K2799: 1046 | L2799: 30 | M2799: 30 | N2799: 852 | O2799: 180 | P2799: 2924 | Q2799: Comedy
A2800: Shoot Firstâ€¦ Ask Questions Later | B2800: Sergio Corbucci | C2800: 3.1 | D2800: Comedy, Western, Adventure | E2800: 108 | F2800: Italian | G2800: The White, the Yellow, and the Black (Italian: Il bianco, il giallo, il nero, also known as Shoot Firstâ€¦ Ask Questions Later) is a 1975 Spaghetti Western comedy film. It is the last spaghetti western directed by Sergio Corbucci. Differently from his previous western films, this is openly parodic. | H2800: Mundial Film, Tritone Cinematografica | I2800: 497 | J2800: 611 | K2800: 77 | L2800: 1 | M2800: 25 | N2800: 91 | O2800: 9 | P2800: 359 | Q2800: Comedy
A2801: The Sisters Brothers | B2801: Jacques Audiard | C2801: 3.56 | D2801: Comedy, Western, Drama | E2801: 121 | F2801: English | G2801: Oregon, 1851. Hermann Kermit Warm, a chemist and aspiring gold prospector, keeps a profitable secret that the Commodore wants to know, so he sends the Sisters brothers, two notorious assassins, to capture him on his way to California. | H2801: Annapurna Pictures, Why Not Productions, Page 114, France 2 CinÃ©ma, France 3 CinÃ©ma, UGC, Michael De Luca Productions, KNM, Top Drawer Entertainment, Apaches Films, Mobra Films, Les Films du Fleuve | I2801: 110919 | J2801: 25885 | K2801: 22831 | L2801: 78 | M2801: 538 | N2801: 17378 | O2801: 2188 | P2801: 81935 | Q2801: Comedy
... A3817: The Sacrifice | B3817: Andrei Tarkovsky | C3817: 4.3 | D3817: Drama | E3817: 149 | F3817: Swedish | G3817: Alexander, a journalist, philosopher and retired actor, celebrates a birthday with friends and family when it is announced that nuclear war has begun. | H3817: Argos films, Josephson & Nykvist HB, Sandrews, SVT, Film4 Productions | I3817: 105597 | J3817: 49556 | K3817: 37028 | L3817: 2300 | M3817: 359 | N3817: 4847 | O3817: 22785 | P3817: 71985 | Q3817: Drama
A3818: 42 | B3818: Brian Helgeland | C3818: 3.67 | D3818: Drama | E3818: 128 | F3818: English | G3818: In 1946, Branch Rickey, owner of the Brooklyn Dodgers, took a stand against Major League Baseball's infamous color line when he signed Jackie Robinson to the team. The deal put both men in the crosshairs of the public, the press and even other players. Facing unabashed racism from every side, Robinson was forced to demonstrate tremendous courage and let his talent on the field wins over fans and his teammates â€“ silencing his critics and forever changing the world by changing the game of baseball. | H3818: Warner Bros. Pictures, Legendary Pictures | I3818: 138586 | J3818: 22264 | K3818: 29405 | L3818: 418 | M3818: 218 | N3818: 16912 | O3818: 6699 | P3818: 88582 | Q3818: Drama
A3819: Black or White | B3819: Mike Binder | C3819: 3.01 | D3819: Drama | E3819: 121 | F3819: English | G3819: A grieving widower is drawn into a custody battle over his granddaughter, whom he helped raise her entire life. | H3819: IM Global, Treehouse Films, Sunlight Productions, Venture Forth | I3819: 6919 | J3819: 1609 | K3819: 788 | L3819: 2 | M3819: 113 | N3819: 1206 | O3819: 158 | P3819: 3990 | Q3819: Drama
...

Sheet Charts
A1: Primary_genre | B1: count | C1: avg_rating | D1: avg_likes | E1: avg_watches
A2: Drama | B2: 2225 | C2: 3.47 | D2: 41258.56 | E2: 141205.86
A3: Comedy | B3: 1422 | C3: 3.19 | D3: 43613.34 | E3: 172600.45
A4: Horror | B4: 862 | C4: 2.99 | D4: 28217.93 | E4: 108736.11
A5: Thriller | B5: 800 | C5: 3.14 | D5: 35682.56 | E5: 152257.39
A6: Action | B6: 732 | C6: 3.07 | D6: 43625.59 | E6: 191184.91
A7: Crime | B7: 527 | C7: 3.38 | D7: 54188.17 | E7: 183330.83
A8: Romance | B8: 503 | C8: 3.36 | D8: 44107.31 | E8: 173728.64
A9: Science Fiction | B9: 441 | C9: 3.02 | D9: 65011.28 | E9: 254777.66
A10: Adventure | B10: 417 | C10: 3.11 | D10: 64951.69 | E10: 293819.86
A11: Documentary | B11: 335 | C11: 3.63 | D11: 5011.58 | E11: 20403.48
A15: Watches | B15: Likes
A16: 169219 | B16: 11791
A17: 5281 | B17: 868
A18: 5662 | B18: 669
A19: 134200 | B19: 27234
A20: 1457 | B20: 195
A21: 106 | B21: 17
A22: 69017 | B22: 21298
A23: 19105 | B23: 3330
A24: 138 | B24: 16
A25: 1007733 | B25: 312173
A26: 419693 | B26: 58856
A27: 6562 | B27: 1454
... A515: 39565 | B515: 13509

Sheet Descriptive Stats
B1: Average_rating | C1: Runtime | D1: Watches | E1: Likes | F1: Fans | G1: Total_ratings
A2: count | B2: {=COUNT('Letter Box'!A1:B9952+'Letter Box'!C2:C9970)} -> 26 | C2: =COUNT('Letter Box'!E2:E9970) -> 9969 | D2: =COUNT('Letter Box'!I2:I9970) -> 9969 | E2: =COUNT('Letter Box'!K2:K9970) -> 9969 | F2: =COUNT('Letter Box'!L2:L9970) -> 9969 | G2: =COUNT('Letter Box'!P2:P9970) -> 9969
A3: mean | B3: =AVERAGE('Letter Box'!C9970,'Letter Box'!C9970) -> 3.35 | C3: =AVERAGE('Letter Box'!E2:E9970) -> 103.17735 | D3: =AVERAGE('Letter Box'!I2:I9970) -> 170559.11 | E3: =AVERAGE('Letter Box'!K2:K9970) -> 43827.785 | F3: =AVERAGE('Letter Box'!L2:L9970) -> 1657.4512 | G3: =AVERAGE('Letter Box'!P2:P9970) -> 106551.77
A4: std | B4: =_xlfn.STDEV.S('Letter Box'!C1:C9970) -> 0.5259394 | C4: =STDEV('Letter Box'!E2:E9970) -> 38.120133 | D4: =STDEV('Letter Box'!I2:I9970) -> 458941.23 | E4: =STDEV('Letter Box'!K2:K9970) -> 151739.22 | F4: =STDEV('Letter Box'!L2:L9970) -> 9382.397 | G4: =STDEV('Letter Box'!P2:P9970) -> 295036.69
A5: min | B5: =MIN('Letter Box'!C2:C9970) -> 1.08 | C5: =MIN('Letter Box'!E2:E9970) -> 2 | D5: =MIN('Letter Box'!I2:I9970) -> 2 | E5: =MIN('Letter Box'!K2:K9970) -> 0 | F5: =MIN('Letter Box'!L2:L9970) -> 0 | G5: =MIN('Letter Box'!P2:P9970) -> 0
A6: 0.25 | B6: 2.95 | C6: 89 | D6: 2990 | E6: 458 | F6: 2 | G6: 1896
A7: 50% | B7: =MEDIAN('Letter Box'!C2:C9970) -> 3.27 | C7: =MEDIAN('Letter Box'!E2:E9970) -> 99 | D7: =MEDIAN('Letter Box'!I2:I9970) -> 18465 | E7: =MEDIAN('Letter Box'!K2:K9970) -> 3405 | F7: =MEDIAN('Letter Box'!L2:L9970) -> 24 | G7: =MEDIAN('Letter Box'!P2:P9970) -> 11842
A8: 75% | B8: 3.62 | C8: 113 | D8: 108531 | E8: 20150 | F8: 284 | G8: 67507
A9: max | B9: =MAX('Letter Box'!C2:C9970) -> 4.71 | C9: 907 | D9: =MAX('Letter Box'!I2:I9970) -> 5195503 | E9: =MAX('Letter Box'!K2:K9970) -> 2730813 | F9: =MAX('Letter Box'!L2:L9970) -> 326000 | G9: =MAX('Letter Box'!P2:P9970) -> 4091037

Sheet Genre Stats
A1: Primary_genre | B1: count | C1: avg_rating | D1: avg_likes | E1: avg_watches
A2: Drama | B2: 2225 | C2: 3.47 | D2: 41258.56 | E2: 141205.86
A3: Comedy | B3: 1422 | C3: 3.19 | D3: 43613.34 | E3: 172600.45
A4: Horror | B4: 862 | C4: 2.99 | D4: 28217.93 | E4: 108736.11
A5: Thriller | B5: 800 | C5: 3.14 | D5: 35682.56 | E5: 152257.39 | G5: =COUNTIF('Letter Box'!$R$2:$R$9970, A2) -> 0
A6: Action | B6: 732 | C6: 3.07 | D6: 43625.59 | E6: 191184.91
A7: Crime | B7: 527 | C7: 3.38 | D7: 54188.17 | E7: 183330.83
A8: Romance | B8: 503 | C8: 3.36 | D8: 44107.31 | E8: 173728.64
A9: Science Fiction | B9: 441 | C9: 3.02 | D9: 65011.28 | E9: 254777.66
A10: Adventure | B10: 417 | C10: 3.11 | D10: 64951.69 | E10: 293819.86
A11: Documentary | B11: 335 | C11: 3.63 | D11: 5011.58 | E11: 20403.48

Sheet Language Stats
A1: Original_language | B1: count | C1: avg_rating | D1: avg_likes
A2: English | B2: 8046 | C2: 3.21 | D2: 49507.22
A3: Italian | B3: 396 | C3: 3.31 | D3: 5163.39
A4: Japanese | B4: 308 | C4: 3.6 | D4: 43362.4
A5: French | B5: 290 | C5: 3.6 | D5: 21884.38
A6: Korean | B6: 145 | C6: 3.42 | D6: 36848.23
A7: Spanish | B7: 114 | C7: 3.45 | D7: 18157.43
A8: German | B8: 96 | C8: 3.5 | D8: 15193.08
A9: No spoken language | B9: 94 | C9: 3.64 | D9: 12223.2
A10: Chinese | B10: 65 | C10: 3.52 | D10: 7348.85
A11: Danish | B11: 60 | C11: 3.48 | D11: 11271.35

Sheet Correlations
B1: Runtime | C1: Fans | D1: Watches | E1: Likes | F1: Average_rating
A2: Runtime | B2: 1 | C2: 0.088 | D2: 0.146 | E2: 0.129 | F2: 0.187
A3: Fans | B3: 0.088 | C3: 1 | D3: 0.672 | E3: 0.8 | F3: 0.251
A4: Watches | B4: 0.146 | C4: 0.672 | D4: 1 | E4: 0.951 | F4: 0.249
A5: Likes | B5: 0.129 | C5: 0.8 | D5: 0.951 | E5: 1 | F5: 0.29
A6: Average_rating | B6: 0.187 | C6: 0.251 | D6: 0.249 | E6: 0.29 | F6: 1

Sheet Regression Coefs
A1: Variable | B1: Coefficient
A2: Intercept | B2: 3.012552
A3: Fans | B3: 3e-06
A4: Likes | B4: 1e-06
A5: Runtime | B5: 0.002105

Sheet Regression Info
A1: Metric | B1: Value
A2: R_squared | B2: 0.1081
A3: N_observations | B3: 9969

Sheet TTest Means
A1: Group | B1: Mean_rating
A2: English | B2: 3.212
A3: Non-English | B3: 3.51
